Map: Alcyone LE

Players

Wayne (Vanya) - Winner!

  • Race: Zerg Zerg
  • Spawn Location: 1:00

Dark

  • Race: Protoss Protoss
  • Spawn Location: 7:00

VOD

Have the link to the VOD?

Description

Time

  • Played on: Oct. 9, 2023, 8:39 p.m.
  • Length: 12:19
Show
View Real Time Build Order
Export as new Build Order

Wayne Zerg - Winner!

Build Orders: Pool First 

Get SALT Encoding   

  12  0:17  Spawning Pool  
  11  0:21  Drone  
  11  0:26  Drone  
  13  0:30  Drone  
  14  0:40  Overlord  
  14  1:04  Zergling x4  
  16  1:05  Zergling x2  
  17  1:17  Hatchery  
  16  1:19  Zergling x2  
  17  1:26  Zergling x2  
  18  1:38  Zergling x2  
  19  1:48  Zergling x2  
  19  2:05  Hatchery  
  19  2:07  Drone  
  21  2:30  Drone  
  21  2:34  Drone  
  21  2:37  Drone  
  21  2:41  Queen  
  24  2:48  Overlord  
  24  2:51  Extractor  
  22  2:54  Drone  
  22  2:57  Overlord  
  23  3:03  Drone  
  22  3:17  Queen  
  22  3:18  Queen  
  26  3:20  Drone x2  
  28  3:28  Zergling x4  
  30  3:36  Zergling x2  
  30  3:40  Zergling x2  
  32  3:50  Zergling x4  
  32  3:52  Drone  
  32  3:53  Metabolic Boost  
  32  4:14  Overlord  
  32  4:15  Drone  
  32  4:18  Drone  
  33  4:26  Drone x3  
  33  4:30  Drone  
  37  4:34  Drone  
  37  4:35  Drone  
  39  4:40  Drone  
  39  4:42  Drone  
  39  4:45  Drone  
  42  4:47  Drone  
  43  4:54  Drone x3  
  46  5:07  Roach Warren  
  45  5:16  Drone  
  45  5:21  Zergling x4  
  48  5:24  Hatchery  
  48  5:28  Evolution Chamber  
  47  5:29  Drone  
  47  5:30  Spore Crawler, Overlord  
  47  5:32  Zergling x4  
  49  5:36  Queen  
  51  5:43  Overlord  
  51  5:44  Drone  
  51  5:49  Queen  
  54  5:54  Drone x2  
  54  5:56  Zerg Melee Weapons Level 1  
  56  5:58  Drone  
  56  5:59  Drone  
  58  6:06  Drone x4, Spore Crawler  
  58  6:10  Drone  
  58  6:11  Drone  
  63  6:14  Queen  
  65  6:20  Overlord  
  65  6:23  Drone x3  
  68  6:32  Spore Crawler  
  65  6:33  Queen  
  69  6:41  Drone  
  69  6:43  Spore Crawler  
  69  6:44  Baneling Nest  
  69  6:46  Extractor  
  67  6:47  Drone x4  
  67  6:49  Drone  
  67  6:50  Drone  
  73  6:56  Overlord  
  73  6:57  Overlord  
  73  6:58  Drone x3  
  74  7:02  Overlord x2  
  74  7:09  Overlord  
  74  7:19  Drone x4  
  74  7:20  Overlord  
  74  7:21  Zergling x4  
  80  7:26  Hatchery  
  79  7:30  Zergling x12  
  79  7:36  Lair  
  84  7:40  Overlord  
  84  7:42  Queen  
  84  7:43  Drone  
  83  7:44  Drone  
  83  7:46  Baneling x2  
  83  7:47  Baneling x3  
  83  7:49  Zergling x8  
  88  7:53  Zergling x10  
  93  8:01  Overlord  
  93  8:04  Zergling x8  
  97  8:10  Overlord  
  97  8:13  Zergling x6  
  100  8:20  Baneling x9  
  100  8:21  Baneling  
  100  8:22  Baneling x4  
  100  8:24  Overlord  
  100  8:25  Drone x4  
  102  8:28  Zergling x8  
  102  8:32  Roach Warren  
  102  8:37  Overlord  
  102  8:40  Zergling x10  
  104  8:42  Drone  
  104  8:48  Drone x2  
  95  8:50  Drone  
  95  8:52  Drone  
  95  8:55  Overlord  
  84  8:56  Drone x5  
  84  9:01  Zerg Melee Weapons Level 2  
  87  9:06  Drone  
  86  9:13  Hydralisk Den  
  86  9:15  Extractor x2  
  86  9:16  Drone x9, Extractor  
  92  9:25  Drone x2  
  92  9:28  Drone x2  
  92  9:30  Overlord  
  96  9:31  Extractor  
  96  9:34  Drone x4  
  99  9:42  Grooved Spines  
  99  9:43  Overlord  
  99  9:44  Overseer  
  99  9:45  Hydralisk  
  99  9:46  Zergling x8, Hydralisk  
  107  9:53  Drone x2  
  107  9:55  Spore Crawler  
  107  9:56  Overlord  
  107  9:59  Hydralisk x4  
  116  10:02  Zergling x6  
  118  10:14  Centrifugal Hooks  
  118  10:16  Hydralisk x3  
  118  10:18  Hydralisk  
  126  10:21  Hydralisk  
  128  10:28  Overlord  
  128  10:30  Hydralisk  
  128  10:31  Zergling x2, Hydralisk  
  128  10:32  Zergling x20  
  128  10:35  Overlord x2  
  143  10:38  Muscular Augments  
  143  10:45  Hatchery  
  141  10:52  Zergling x18  
  149  10:59  Zergling x16  
  149  11:03  Zergling x8  
  161  11:10  Zergling x2  
  161  11:11  Zergling x6  
  165  11:16  Zergling x6  
  168  11:20  Zergling x2  
  168  11:21  Zergling x4  
  171  11:26  Hydralisk x5  
  181  11:33  Spine Crawler  
  181  11:34  Spine Crawler  
  181  11:35  Hydralisk x3  
  171  11:45  Hydralisk  
  171  11:46  Hydralisk x4  
Show
View Real Time Build Order
Export as new Build Order

Dark Protoss 

Build Orders:  

Get SALT Encoding   

  12  0:00  Probe  
  13  0:13  Probe  
  14  0:26  Pylon, Probe  
  15  0:44  Probe (Chrono Boost)  
  15  0:47  Gateway  
  16  0:52  Assimilator  
  16  0:56  Probe (Chrono Boost)  
  17  1:01  Probe (Chrono Boost)  
  18  1:10  Probe  
  19  1:22  Probe  
  19  1:23  Gateway  
  20  1:33  Zealot (Chrono Boost)  
  20  1:34  Cybernetics Core, Probe  
  23  1:40  Pylon  
  24  2:04  Zealot (Chrono Boost)  
  24  2:07  Probe  
  24  2:08  Adept (Chrono Boost)  
  22  2:13  Warp Gate  
  21  2:23  Pylon  
  21  2:29  Adept  
  23  2:32  Shield Battery  
  23  2:42  Adept  
  25  2:50  Probe  
  26  2:59  Adept (Chrono Boost)  
  30  3:13  Probe  
  30  3:14  Pylon  
  30  3:19  Adept (Chrono Boost)  
  31  3:31  Adept (Chrono Boost)  
  31  3:32  Probe  
  34  3:34  Assimilator  
  34  3:44  Probe  
  35  3:56  Probe  
  32  4:17  Stargate  
  32  4:18  Probe  
  33  4:30  Probe  
  34  4:37  Adept x2  
  36  4:41  Pylon  
  36  4:42  Probe  
  37  4:54  Probe  
  37  4:57  Pylon  
  37  4:58  Oracle (Chrono Boost)  
  38  5:02  Nexus  
  41  5:11  Adept  
  41  5:12  Adept  
  45  5:18  Probe  
  46  5:25  Oracle (Chrono Boost)  
  49  5:30  Probe  
  50  5:42  Probe  
  51  5:44  Pylon  
  55  6:01  Void Ray (Chrono Boost)  
  55  6:02  Probe  
  56  6:14  Probe  
  57  6:18  Probe  
  58  6:27  Nexus, Probe  
  59  6:33  Probe  
  60  6:45  Oracle  
  60  6:46  Probe x2 (Chrono Boost)  
  65  6:56  Probe (Chrono Boost)  
  65  6:58  Probe (Chrono Boost)  
  65  7:01  Probe (Chrono Boost)  
  67  7:03  Pylon  
  67  7:07  Probe  
  69  7:12  Probe  
  69  7:14  Twilight Council, Forge  
  70  7:15  Assimilator  
  70  7:19  Probe  
  70  7:20  Pylon  
  71  7:24  Probe  
  72  7:31  Probe  
  72  7:36  Probe  
  74  7:40  Blink  
  74  7:41  Protoss Ground Weapons Level 1 (Chrono Boost)  
  74  7:43  Probe  
  75  7:55  Gateway  
  75  7:56  Gateway, Probe x3  
  78  7:58  Gateway  
  78  7:59  Pylon  
  78  8:01  Gateway  
  78  8:08  Probe x2  
  78  8:09  Gateway  
  78  8:10  Probe  
  78  8:11  Gateway  
  81  8:20  Probe  
  81  8:21  Shield Battery  
  82  8:39  Stalker x2  
  75  8:46  Oracle  
  71  8:56  Probe x2  
  71  8:58  Stalker x4  
  81  9:06  Robotics Facility  
  81  9:08  Probe  
  74  9:13  Nexus  
  74  9:14  Pylon  
  74  9:15  Probe  
  75  9:20  Probe  
  75  9:23  Oracle  
  79  9:27  Stalker  
  79  9:28  Stalker  
  79  9:29  Protoss Ground Weapons Level 2 (Chrono Boost)  
  83  9:39  Probe x2 (Chrono Boost)  
  85  9:50  Probe x2 (Chrono Boost)  
  87  9:55  Probe x2 (Chrono Boost)  
  89  10:01  Oracle  
  92  10:10  Stalker x2  
  92  10:11  Stalker x2  
  100  10:16  Pylon  
  100  10:20  Shield Battery  
  100  10:27  Warp Prism  
  102  10:40  Oracle  
  102  10:42  Stalker x2  
  109  10:44  Stalker  
  109  10:48  Assimilator  
  111  10:59  Stalker  
  111  11:00  Stalker  
  115  11:05  Stalker  
  117  11:15  Stalker x2  
  121  11:21  Stalker  
  123  11:27  Pylon  
  123  11:29  Pylon  
  102  11:50  Stalker x5  
  102  11:52  Stalker x2  
  97  12:07  Stalker  
Tags
 
Add a new tag
Caveats
  • Supply blocks, unpowered buildings, or Contaminate may cause inaccurate times.
  • Supply counts are checked every 10 seconds.